 Dungeon Crawl Stone Soup version 0.31-a0-8-gd14b0f4ee2 (console) character file.

Game seed: 17054010200458874733

81 petzl the Sneak (level 4, -3/35 HPs)
             Began as a Formicid Delver on May 6, 2023.
             Slain by a sleepcap (8 damage)
             ... on level 5 of the Dungeon.
             The game lasted 00:12:23 (2349 turns).

petzl the Sneak (Formicid Delver)                   Turns: 2349, Time: 00:12:24

Health: -3/35      AC:  4    Str: 17    XL:     4   Next: 67%
Magic:  9/9        EV: 12    Int: 11    God:
Gold:   162        SH:  0    Dex: 15    Spells: 10/10 levels left

rFire   . . .        a - +0 mace
rCold   . . .        (no shield)
rNeg    . . .        b - +0 leather armour
rPois   .            (helmet unavailable)
rElec   .            (no cloak)
rCorr   .            e - +0 pair of gloves
SInv    +            (no boots)
Will    .....        (no amulet)
Stlth   +++          (no ring)
HPRegen 0.25/turn    (no ring)
MPRegen 0.11/turn

%: no passive effects
@: no status effects
A: permanent stasis, dig shafts and tunnels, antennae 3, four strong arms
a: Dig, Shaft Self


You were on level 5 of the Dungeon.
You visited 2 branches of the dungeon, and saw 6 of its levels.

You collected 162 gold pieces.

Inventory:

Hand Weapons
 a - a +0 mace (weapon)
Armour
 b - a +0 leather armour (worn)
 e - a +0 pair of gloves (worn)
Jewellery
 u - a ring of flight
Wands
 f - a wand of digging (3)
 p - a wand of roots (8)
 s - a wand of charming (11)
Scrolls
 c - 2 scrolls of fog
 d - 2 scrolls of magic mapping
 i - 2 scrolls of enchant armour
 j - 2 scrolls of identify
 n - a scroll of fear
 q - a scroll of immolation
 t - a scroll of enchant weapon
 w - a scroll of poison
Potions
 g - a potion of might {unknown}
 h - a potion of berserk rage {unknown}
 k - 3 potions of curing
 l - a potion of cancellation {unknown}
 m - a potion of brilliance {unknown}
 o - a potion of degeneration {unknown}
 r - a potion of mutation {unknown}
 v - a potion of invisibility {unknown}


   Skills:
 - Level 3.2 Fighting
 - Level 2.0 Maces & Flails
 - Level 1.7 Dodging
 - Level 6.0 Stealth
 + Level 3.9 Spellcasting


You had 10 spell levels left.
You didn't know any spells.
Your spell library contained the following spells:

 Spells                   Type           Power      Damage    Failure   Level
 Apportation              Tloc           4%         N/A       30%         1
 Lesser Beckoning         Tloc           4%         N/A       41%         2
 Momentum Strike          Conj/Tloc      4%         3d8       41%         2
 Call Canine Familiar     Summ           2%         N/A       65%         3
 Inner Flame              Hex/Fire       2%         N/A       65%         3
 Portal Projectile        Hex/Tloc       4%         N/A       65%         3
 Flame Wave               Conj/Fire      2%         2d4       96%         4
 Leda's Liquefaction      Hex/Erth       1%         N/A       96%         4
 Sticky Flame             Conj/Fire      2%         2d3       96%         4
 Alistair's Intoxication  Tmut/Pois      1%         N/A       100%        5
 Blink                    Tloc           Unusable   N/A       N/A         2

Dungeon Overview and Level Annotations

Branches:
Dungeon (7/15)             Temple (1/1) D:4

Altars:
Ashenzari
Cheibriados
Dithmenos
Gozag
Hepliaklqana
Kikubaaqudgha
Nemelex Xobeh
Qazlal
Ru
Trog
Uskayaw
Wu Jian
Yredelemnul
Zin
The Shining One

Annotations:
D:3 exclusion: downstairs
D:4 exclusions: black bear, sensed monster (detected) and upstairs
D:6 3 runed translucent doors, Juicyj's ghost, novice MiFi
D:7 exclusion: upstairs


Innate Abilities, Weirdness & Mutations

You cannot be hasted, slowed, berserked, paralysed or teleported.
You can dig through walls and to a lower floor.
You have a pair of large antennae on your head. (SInv)
Your four strong arms can wield two-handed weapons with a shield.


Message History

You add the spells Momentum Strike and Lesser Beckoning to your library.
You see here a +0 long sword.
You open the door.
There is an open door here.
Found an escape hatch in the floor.
A sleepcap comes into view.
You hit the sleepcap.
The sleepcap is lightly damaged.
The sleepcap barely misses you.
You hit the sleepcap.
The sleepcap is moderately damaged.
The sleepcap releases spores at you.
You hit the sleepcap.
The sleepcap is heavily damaged.
The sleepcap releases spores at you.
You are engulfed in a cloud of soporific spores!
You fall asleep.
The sleepcap releases spores at you but does no damage.
The sleepcap releases spores at you!!
You wake up.
Ouch! That really hurt!
Unknown command.
Unknown command.
Unknown command.
You hit the sleepcap.
The sleepcap is severely damaged.
The sleepcap releases spores at you but does no damage.
The sleepcap releases spores at you.
* * * LOW HITPOINT WARNING * * *
You hit the sleepcap.
The sleepcap is severely damaged.
The sleepcap releases spores at you.
* * * LOW HITPOINT WARNING * * *
You are engulfed in a cloud of soporific spores!
You are unaffected.
Aiming: Charm
Press: ? - help, Shift-Dir - straight line, f - sleepcap
Aim: a sleepcap (severely damaged, chance to affect: 57%)
The sleepcap resists with significant effort.
The sleepcap releases spores at you!
You die...

..#####.|....#
#.#...#.####.# #.#.#.#.#
#.# #.#.#.#.# #.# ########
......#.# #.# #......#
..#.#.#.# #.# #......#
......#.# #.# #......#
.....<..# #.# #......#
...#.#######†###......#
'#.............#......#
.###.#######...........#
.###.####....#.#.......#
..........#.........##...
#####.#####.........# ####
....................+
#####.#.....#.......##+###
#.###.###.......#....#
####.....# ##.######....#
#........# #..f@.......#
#....##.#####..........>#
.#......................#
+.......####...........#
#.......# #.....####.##
#......## #.....# #
###.#..#####.....# ##
#.##.#)..'.....# { .# #.#
.#.###....## (# #.# .#.#
###### .# .. #.# # .#
#.#######(# .###
#.##......# ...# #.##.....
##.# #.##... #.# #.##.#
#.## #....# #..# #....#
##.### #....# #.###+#


You could see a sleepcap.

Vanquished Creatures
  2 hounds (D:5)
  A gnoll (D:4)
  An endoplasm (D:4)
  2 goblins (D:3)
  A hobgoblin (D:3)
  2 quokkas
  2 ball pythons (D:3)
  A frilled lizard (D:3)
  A rat (D:3)
13 creatures vanquished.

Notes
Turn   | Place    | Note
-------+----------+-------------------------------------------
     0 | D:5      | petzl the Formicid Delver began the quest for the Orb.
     0 | D:5      | Reached XP level 1. HP: 18/18 MP: 1/1
     5 | D:6      | Found a runed translucent gate.
     5 | D:6      | Found a runed translucent gate.
     5 | D:6      | Found a runed translucent gate.
     6 | D:6      | Noticed Juicyj's ghost (novice MiFi)
     8 | D:6      | Noticed an orc priest
    13 | D:6      | Noticed an orc warrior
    13 | D:6      | Noticed an orc priest
    42 | D:6      | Noticed a water moccasin
   135 | D:6      | Noticed an ice beast
   163 | D:6      | Noticed a hound
   423 | D:5      | Noticed a hound
   574 | D:4      | Noticed an ogre
   625 | D:3      | Reached skill level 1 in Spellcasting
   763 | D:3      | Reached XP level 2. HP: 21/24 MP: 2/4
   855 | D:4      | Found a broken altar of Ashenzari.
   910 | D:5      | Reached XP level 3. HP: 13/29 MP: 5/7
  1047 | D:5      | Noticed an ogre
  1090 | D:4      | Found a staircase to the Ecumenical Temple.
  1098 | D:4      | Noticed a black bear
  1102 | Temple   | Entered the Ecumenical Temple
  1487 | D:3      | Found an opulent altar of Gozag.
  1946 | D:4      | Reached XP level 4. HP: 17/35 MP: 8/8
  2258 | D:5      | Noticed a scorpion
  2349 | D:5      | Slain by a sleepcap

Illustrated notes

Levels and vault maps discovered:
D:3:      minmay_skewed_foursquare, layout_loops_corners,
          nicolae_gozag_cash_rules_everything_around_me, minmay_misc_feat_alley,
          kennysheep_potato, uniq_crazy_yiuf_cottage
D:4:      layout_gridville, ashenzari_conservatory_becter,
          minmay_temple_entry_nine_rooms, eino_small_chamber_without_monster,
          dreamdust_wishing_well
D:5:      layout_basic, minmay_overflow_temple_star_quad
D:6:      layout_rooms, okawaru_altar_gauntlet_db, biasface_ghost_orc_armoury,
          lightli_minifort
D:7:      layout_basic, nicolae_overflow_crystal_walls, xom_butterflies,
          fedhas_altar_1, nicolae_hexahallways
Temple:   oiseaux_autumnal_temple

Skill      XL: |  1  2  3 |
---------------+----------+-----
Spellcasting   | 1 2 3 |  3.9
Fighting       | |  3.2
Maces & Flails | |  2.0
Dodging        | |  1.7
Stealth        | |  6.0

Action                     |  1- 3 |  4- 6 || total
---------------------------+-------+-------++-------
  Melee: Mace              |    53 |    18 ||    71
Ability: Dig               |     1 |       ||     1
  Evoke: Wand              |       |     2 ||     2
    Use: Scroll            |     6 |       ||     6
         Potion            |     1 |       ||     1
   Stab: Sleeping          |     2 |     1 ||     3
         Distracted        |       |     1 ||     1
 Armour: Leather armour    |    15 |     7 ||    22
  Dodge: Dodged            |    38 |    24 ||    62

Table legend: (Time is in decaauts)
 A = Elapsed time spent in this place.
 B = Non-inter-level travel time spent in this place.
 C = Inter-level travel time spent in this place.
 D = Time resting spent in this place.
 E = Time spent auto-exploring this place.
 F = Levels seen in this place.
 G = Mean time per level.
                   A        B        C        D        E       F      G
               +--------+--------+--------+--------+--------+-----+--------+
         Total |   2384 |   2337 |     47 |    248 |    826 |   6 |  397.3 |
       Dungeon |   2099 |   2084 |     15 |    248 |    584 |   5 |  419.8 |
        Temple |    285 |    254 |     31 |      0 |    242 |   1 |  285.0 |
               +--------+--------+--------+--------+--------+-----+--------+

Top non-repeatable levels by time:
     D:4: 600 daAuts
     D:3: 599 daAuts
     D:5: 516 daAuts
     D:7: 299 daAuts
  Temple: 285 daAuts
     D:6: 83 daAuts
